 Dungeon Crawl Stone Soup version 0.32-a0-913-g739538afd8 (webtiles) character file.

Game seed: 11387578155135718734

112 croobank the Caller (level 4, -5/27 HPs)
             Began as an Octopode Summoner on Apr 9, 2024.
             Slain by a black bear (6 damage)
             ... on level 4 of the Dungeon.
             The game lasted 00:09:42 (3135 turns).

croobank the Caller (Octopode Summoner)             Turns: 3135, Time: 00:09:43

Health: -5/27      AC:  1    Str:  7    XL:     4   Next: 93%
Magic:  7/8        EV: 12    Int: 19    God:
Gold:   106        SH:  0    Dex: 12    Spells: 2/8 levels left

rFire   . . .        b - +0 shortbow
rCold   . . .        (shield currently unavailable)
rNeg    . . .        (helmet restricted)
rPois   .            j - amulet of magic regeneration
rElec   .            (no ring)
rCorr   .            (no ring)
SInv    .            (no ring)
Will    .....        (no ring)
Stlth   +++          (no ring)
HPRegen 0.24/turn    (no ring)
MPRegen 0.51/turn    (no ring)
                     (no ring)

%: no passive effects
@: brilliant, inugami summoned
A: almost no armour, amphibious, 8 rings, camouflage 1, gelatinous body 1,
(nimble swimmer 1), tentacles
a: no special abilities


You were on level 4 of the Dungeon.
You visited 1 branch of the dungeon, and saw 4 of its levels.

You collected 106 gold pieces.

Inventory:

Hand Weapons
 a - a +0 dagger
 b - a +0 shortbow (weapon)
 h - a +0 long sword
 n - a +0 morningstar
Missiles
 p - 2 poisoned darts
Jewellery
 j - an amulet of magic regeneration (around mantle)
 s - an amulet of faith
Talismans
 g - a dragon-blood talisman
Wands
 o - a wand of polymorph (14)
Scrolls
 d - 2 scrolls of identify {unknown}
 e - 3 scrolls of noise {unknown}
 f - 4 scrolls of blinking {unknown}
 l - a scroll of enchant weapon {unknown}
 m - 2 scrolls of teleportation {unknown}
 r - a scroll of revelation {unknown}
Potions
 i - a potion of magic
 k - a potion of mutation {unknown}
 q - a potion of enlightenment {unknown}


   Skills:
 + Level 3.0 Dodging
 + Level 4.2 Stealth
 + Level 2.8 Spellcasting
 + Level 4.6 Summonings


You had 2 spell levels left.
You knew the following spells:

 Your Spells              Type           Power      Damage    Failure   Level
a - Summon Small Mammal   Summ           100%       N/A       2%          1
b - Call Imp              Summ           60%        N/A       3%          2
c - Call Canine Familiar  Summ           30%        N/A       7%          3

Your spell library contained the following spells:

 Spells                   Type           Power      Damage    Failure   Level
 Necrotise                Necr           16%        1d4       16%         1
 Mercury Vapours          Alch/Air       8%         N/A       24%         2
 Mephitic Cloud           Conj/Alch/Air  4%         N/A       43%         3
 Vampiric Draining        Necr           4%         2d6       43%         3
 Martyr's Knell           Necr/Summ      17%        N/A       52%         4
 Summon Blazeheart Golem  Fire/Summ      17%        N/A       52%         4
 Summon Lightning Spire   Summ/Air       17%        N/A       52%         4
 Curse of Agony           Necr           4%         N/A       99%         5
 Freezing Cloud           Conj/Ice/Air   2%         6-21      99%         5


Dungeon Overview and Level Annotations

Branches:
Dungeon (4/15)
 Temple: D:4-7

Altars:
Elyvilon

Shops:
D:2 [*

Annotations:
D:3 2 transporters, dragonking145's ghost, amateur FoFi


Innate Abilities, Weirdness & Mutations

You cannot wear most types of armour.
You are amphibious.
You can wear up to eight rings at the same time.
Your skin changes colour to match your surroundings (Stealth+).
Your rubbery body absorbs attacks. (AC +1, EV +1)
((You are camouflaged when in or above water. (Stealth+)))
You have tentacles for arms and can constrict up to eight enemies at once.


Message History

The black bear closely misses your cerulean imp.
The black bear misses your cerulean imp.
The black bear barely misses your cerulean imp.
Your bat closely misses the black bear.
The jackal closely misses your inugami. The black bear bites your cerulean imp!
The black bear claws your cerulean imp.
Your cerulean imp dies!
Your cerulean imp disappears in a puff of smoke!
Your bat hits the black bear but does no damage.
Aiming: Polymorph
Press: ? - help, Shift-Dir - straight line, f/p - black bear
Aim: a black bear (almost dead, berserk, not watching you, ally target, will become a human, a rime drake, or a crocodile, chance to affect: 49%)
Okay, then.
Okay, then.
Okay, then.
Casting: Summon Small Mammal (safe; 2% risk of failure)
Confirm with . or Enter, or press ? or * to list all spells.
A tiny devil pulls itself out of the air.
Your cerulean imp says, "You called?"
Your bat barely misses the black bear.
Something barely misses your inugami.
The jackal bites you but does no damage.
The black bear rages.
Fire: b) +0 shortbow
Press: ? - help, Q - select action, (/) - cycle Shift-Dir - straight line, f/p - black bear
Aim: a black bear (almost dead, berserk, not watching you, ally target, 64% to hit)
You shoot an arrow. The arrow misses the jackal.
The arrow hits the black bear.
The black bear is almost dead.
Your bat hits the black bear. The jackal bites you.
* * * LOW HITPOINT WARNING * * *
Your bat hits the jackal but does no damage.
The jackal bites you.
* * * LOW HITPOINT WARNING * * *
Your cerulean imp hits the jackal but does no damage.
Okay, then.
Okay, then.
Unknown command.
It was a potion of brilliance.
You feel clever all of a sudden.
The black bear bites you but does no damage.
The black bear claws you.
You die...

.. #. ..### ..# ...
... ... #.## ###.###
.†h ..... ####
#.####.###
....(#...#.h.h#####...
..........h..h@.......
####.##.##.#.5######..
#........#..#
##..#######b.#
..............#
##..####<###.w#
.........# ##.#
##.†.....# ...#
###.....# ....


You could see a black bear (berserk, ally target), a dart slug, 2 jackals, a
friendly cerulean imp (summoned), a friendly inugami (summoned) and a friendly
bat (summoned).

Vanquished Creatures
  5 ball pythons
  2 endoplasms (D:2)
  2 giant cockroaches
  3 goblins
  3 hobgoblins
  A jackal (D:2)
  2 bats (D:2)
  A frilled lizard (D:3)
  2 rats
21 creatures vanquished.

Vanquished Creatures (collateral kills)
  Terence (D:2)
  2 adders (D:3)
  A dart slug (D:2)
  3 ribbon worms
  3 endoplasms
  A giant cockroach (D:3)
  A goblin (D:1)
  A hobgoblin (D:2)
  9 jackals
  2 ball pythons
  3 bats
  7 kobolds
  2 rats
36 creatures vanquished.

Grand Total: 57 creatures vanquished

Notes
Turn   | Place    | Note
-------+----------+-------------------------------------------
     0 | D:1      | croobank the Octopode Summoner began the quest for the Orb.
     0 | D:1      | Reached XP level 1. HP: 11/11 MP: 3/3
   197 | D:1      | Reached XP level 2. HP: 17/17 MP: 0/5
   335 | D:1      | Learned a level 2 spell: Call Imp
  1036 | D:2      | Reached XP level 3. HP: 21/21 MP: 2/6
  1040 | D:2      | Learned a level 3 spell: Call Canine Familiar
  1098 | D:2      | Found Edethog's Assorted Antiques.
  1346 | D:2      | Found Vusup's Antique Armour Shop.
  1817 | D:2      | Noticed Terence
  1826 | D:2      | Killed Terence
  1827 | D:2      | Reached XP level 4. HP: 27/27 MP: 3/7
  2206 | D:3      | Found a white marble altar of Elyvilon.
  2643 | D:3      | Noticed dragonking145's ghost (amateur FoFi)
  2646 | D:3      | Found a transporter.
  2648 | D:3      | Found a transporter.
  3119 | D:4      | Noticed a black bear
  3134 | D:4      | HP: 1/27 [jackal (1)]
  3135 | D:4      | Slain by a black bear

Illustrated notes

Levels and vault maps discovered:
D:1:      dpeg_arrival_round_c, layout_basic, chequers_serial_rivers_large_a
D:2:      minmay_evil_eye, layout_loops_cross, serial_shops,
          nicolae_lakefront_shop, nicolae_shop_statue_plus,
          hangedman_abyss_or_decor_stabs, minmay_box_of_dots, uniq_terence
D:3:      layout_basic, elyvilon_altar_1, gammafunk_ghost_arena
D:4:      layout_basic, temple_pool_b, serial_shops,
          nicolae_shop_pleasant_corner_grove, minmay_manual_moon

Skill      XL: |  1  2  3  4 |
---------------+-------------+-----
Stealth        | 3 4 |  4.2
Dodging        | 3 |  3.0
Spellcasting   | |  2.8
Summonings     | |  4.6

Action                     |  1- 3 |  4- 6 || total
---------------------------+-------+-------++-------
   Fire: Shortbow          |    32 |    35 ||    67
  Throw: Dart              |     2 |       ||     2
   Cast: Summon Small Mamm |    26 |    15 ||    41
         Call Imp          |     9 |    10 ||    19
         Call Canine Famil |     2 |     4 ||     6
    Use: Potion            |       |     1 ||     1
 Armour: Skin              |     5 |    27 ||    32
  Dodge: Dodged            |    12 |    14 ||    26

Table legend: (Time is in decaauts)
 A = Elapsed time spent in this place.
 B = Non-inter-level travel time spent in this place.
 C = Inter-level travel time spent in this place.
 D = Time resting spent in this place.
 E = Time spent auto-exploring this place.
 F = Levels seen in this place.
 G = Mean time per level.
                   A        B        C        D        E       F      G
               +--------+--------+--------+--------+--------+-----+--------+
         Total |   3160 |   3003 |    157 |    262 |   2114 |   4 |  790.0 |
       Dungeon |   3160 |   3003 |    157 |    262 |   2114 |   4 |  790.0 |
               +--------+--------+--------+--------+--------+-----+--------+

Top non-repeatable levels by time:
     D:3: 1174 daAuts
     D:2: 1096 daAuts
     D:1: 852 daAuts
     D:4: 37 daAuts
